 Dungeon Crawl Stone Soup version 0.28-a0-80-g9707f7362f (webtiles) character file.

Game seed: 2414677767699039295

3168 PentaManta the Grappler (level 9, -16/71 HPs)
             Began as a Ghoul Monk on Aug 5, 2021.
             Was an Initiate of Makhleb.
             Killed from afar by a lindwurm (41 damage)
             ... with a blast of flame
             ... created by the adversity of Qazlal
             ... on level 7 of the Dungeon.
             The game lasted 00:15:19 (7019 turns).

PentaManta the Grappler (Ghoul Monk)                Turns: 7019, Time: 00:15:20

Health: -16/71     AC: 13    Str: 18    XL:     9   Next: 94%
Magic:  8/8        EV:  9    Int:  5    God:    Makhleb [......]
Gold:   451        SH: 11    Dex: 11    Spells: 8/8 levels left

rFire   . . .      SeeInvis .     - Unarmed
rCold   + . .      Faith    .   A - +1 kite shield {AC+3}
rNeg    + + +      Spirit   .   q - +0 scale mail
rPois   ∞          Reflect  .   (no helmet)
rElec   .          Harm     .   o - +2 cloak
rCorr   .          Rampage  .   (no gloves)
Will    ++...                   g - +0 pair of boots
Stlth   +.........              (no amulet)
HPRegen 0.00/turn               b - ring of willpower
MPRegen 0.11/turn               E - ring of willpower

@: inhibited regen
A: claws 1, cold resistance 1, negative energy resistance 3, inhibited
regeneration, torment resistance 2
a: Renounce Religion


You were on level 7 of the Dungeon.
You worshipped Makhleb.
Makhleb was noncommittal.
You visited 1 branch of the dungeon, and saw 7 of its levels.
You also visited: Sewer.

You collected 451 gold pieces.

Inventory:

Hand Weapons
 z - a +0 dagger of venom
Missiles
 i - 58 poisoned darts
 n - 8 datura-tipped darts
 t - 2 throwing nets
Armour
 a - a +0 pair of gloves
 g - a +0 pair of boots (worn)
 m - a +0 chain mail
 o - a +2 cloak (worn)
 q - a +0 scale mail (worn)
 v - a +2 robe of willpower
 A - a +1 kite shield of protection (worn)
Jewellery
 b - a ring of willpower (left claw)
 f - a ring of resist corrosion
 E - a ring of willpower (right claw)
Wands
 p - a wand of flame (28) (quivered)
 w - a wand of digging (5)
Scrolls
 h - 6 scrolls of identify
 r - a scroll of brand weapon {unknown}
 s - 2 scrolls of torment {unknown}
 y - a scroll of magic mapping {unknown}
 D - a scroll of fear {unknown}
Potions
 c - a potion of haste {unknown}
 d - 3 potions of curing {unknown}
 e - 3 potions of flight
 j - 3 potions of lignification {unknown}
 k - a potion of berserk rage
 l - a potion of cancellation {unknown}
 u - 2 potions of degeneration {unknown}
 x - 3 potions of brilliance {unknown}
 B - a potion of might {unknown}
 C - 3 potions of mutation {unknown}
 F - a potion of heal wounds {unknown}
 G - a potion of magic {unknown}


   Skills:
 - Level 3.7 Fighting
 - Level 0.2 Armour
 - Level 3.2 Dodging
 - Level 3.0 Stealth
 + Level 7.5 Shields
 - Level 11.5 Unarmed Combat


You had 8 spell levels left.
You didn't know any spells.
Your spell library contained the following spells:

 Spells                   Type           Power      Damage    Failure   Level
 Dazzling Flash           Conj/Hex       0%         N/A       100%        3
 Gell's Gravitas          Tloc           0%         N/A       100%        3
 Stone Arrow              Conj/Erth      0%         3d7       100%        3
 Teleport Other           Tloc           0%         N/A       100%        3
 Animate Armour           Summ/Erth      0%         N/A       100%        4
 Iskenderun's Mystic Bla  Conj/Tloc      0%         2d3       100%        4
 Irradiate                Conj/Tmut      0%         3d13      100%        5
 Dispersal                Tloc           0%         N/A       100%        6
 Starburst                Conj/Fire      0%         8x6d3     100%        6
 Summon Hydra             Summ           0%         N/A       100%        7
 Lehudib's Crystal Spear  Conj/Erth      0%         10d2      100%        8
 Sublimation of Blood     Necr           Unusable   N/A       N/A         2
 Wereblood                Tmut           Unusable   N/A       N/A         2
 Blade Hands              Tmut           Unusable   N/A       N/A         5
 Dragon Form              Tmut           Unusable   N/A       N/A         7

Dungeon Overview and Level Annotations

Branches:
Dungeon (7/15)              Sewer (visited)
 Temple: D:4-7

Altars:
Makhleb
Qazlal


Innate Abilities, Weirdness & Mutations

You thrive by killing the living.
You are immune to poison.
You have sharp fingernails.
Your flesh is cold resistant. (rC+)
You are immune to negative energy. (rN+++)
You do not regenerate when monsters are visible.
You are immune to unholy pain and torment.


Message History

Makhleb accepts your kill.
No target in view!
No target in view!
Items here: )) [[ †.
An orc and an orc warrior come into view.
The orc warrior shouts!
An orc comes into view. It is wielding a +0 dagger.
There are monsters nearby!
There are monsters nearby!
Qazlal causes a mighty clap of thunder!
Qazlal incites the elements against you!
A lindwurm and a water elemental come into view.
You claw the orc!
You kill the orc!
Makhleb accepts your kill.
You hear a shout!
You hear an angry hiss.
The lindwurm completely misses you. You block the lindwurm's attack. x2
You scratch the lindwurm but do no damage.
An orc comes into view. It is wielding a +0 whip.
The lindwurm bites you! The lindwurm barely misses you.
The lindwurm closely misses you.
You scratch the lindwurm but do no damage.
The lindwurm bites you! The lindwurm barely misses you.
The lindwurm claws you but does no damage.
Items here: )) [[ †.
The lindwurm breathes flames at you. The blast of flame hits you!!
Things that are here:
a howler monkey corpse; a howler monkey corpse The lindwurm bites you but does no damage.
The lindwurm completely misses you. The lindwurm barely misses you.
You closely miss the lindwurm. The lindwurm bites you.
You block the lindwurm's attack.
The lindwurm claws you but does no damage.
You claw the lindwurm!
The lindwurm is lightly wounded.
The lindwurm breathes flames at you. The blast of flame hits you!!!
Ouch! That really hurt!
You die...

##########
#..oooEk.#
#o######@#
#.# #.# #o#
#.# #o# #.#
#.# #.# #o#
#.###### ...
#......# ###
######.# ###
###.########


You could see a lindwurm (catching breath), a water elemental, an orc warrior
and 2 orcs.

Vanquished Creatures
  The ghost of Gilette the Geomancer, a novice DrEE (D:5)
  A hornet (D:6)
  A steam dragon (D:6)
  A water moccasin (D:7)
  An orc warrior (D:7)
  An ice beast (D:6)
  Purgy (Sewer)
  4 black bears
  A hornet zombie (D:6)
  A necrophage (D:4)
  An ogre (D:5)
  A centaur (D:7)
  3 phantoms
  A kobold brigand (D:6)
  Blork the orc (D:5)
  A gnoll sergeant (D:6)
  A scorpion (D:4)
  3 howler monkeys (D:7)
  3 electric eels (D:3)
  A centaur zombie (D:5)
  A bullfrog skeleton (D:4)
  A hound (D:5)
  3 orc priests
  A centaur skeleton (D:6)
  A gnoll shaman (D:4)
  2 iguanas
  A scorpion zombie (D:5)
  An orc wizard (D:5)
  2 hound zombies (D:5)
  12 gnolls
  12 adders
  A shadow imp (D:6)
  2 white imps (D:6)
  An adder skeleton (D:4)
  3 worms
  6 dart slugs
  17 orcs
  12 bats
  10 endoplasms
  5 giant cockroaches
  12 goblins
  4 hobgoblins
  4 quokkas (D:2)
  9 ball pythons
  2 frilled lizards
  11 kobolds
  6 rats
171 creatures vanquished.

Vanquished Creatures (others)
  A bat (D:1)
1 creature vanquished.

Grand Total: 172 creatures vanquished

Notes
Turn   | Place    | Note
-------+----------+-------------------------------------------
     0 | D:1      | PentaManta the Ghoul Monk began the quest for the Orb.
     0 | D:1      | Reached XP level 1. HP: 19/19 MP: 0/0
   165 | D:1      | Reached XP level 2. HP: 24/26 MP: 1/1
   714 | D:1      | Reached XP level 3. HP: 31/31 MP: 2/2
   828 | D:2      | Reached skill level 4 in Unarmed Combat
  1299 | D:2      | Reached XP level 4. HP: 40/40 MP: 3/3
  1497 | D:3      | Reached XP level 5. HP: 33/46 MP: 4/4
  1505 | D:3      | Found a transporter.
  1528 | D:3      | Found a transporter.
  1549 | D:3      | Found a glowing drain.
  1562 | D:3      | Reached skill level 5 in Unarmed Combat
  1610 | Sewer    | Entered a sewer
  1637 | Sewer    | Noticed Purgy
  1658 | Sewer    | Killed Purgy
  1659 | Sewer    | Reached skill level 6 in Unarmed Combat
  1659 | Sewer    | Reached XP level 6. HP: 7/52 MP: 5/5
  2424 | D:3      | Reached skill level 7 in Unarmed Combat
  2819 | D:4      | Reached XP level 7. HP: 43/58 MP: 6/6
  2935 | D:4      | Reached skill level 8 in Unarmed Combat
  3372 | D:4      | Reached skill level 9 in Unarmed Combat
  3799 | D:2      | Reached XP level 8. HP: 55/66 MP: 7/7
  3843 | D:5      | Entered Level 5 of the Dungeon
  3986 | D:5      | Found a stormy altar of Qazlal.
  4006 | D:5      | Found a runed translucent door.
  4006 | D:5      | Noticed Gilette's ghost (novice DrEE)
  4113 | D:4      | Reached skill level 10 in Unarmed Combat
  4356 | D:5      | Noticed Blork the orc
  4366 | D:5      | Killed Blork the orc
  4470 | D:5      | Reached skill level 11 in Unarmed Combat
  4744 | D:5      | Became a worshipper of Qazlal Stormbringer
  4744 | D:5      | Reached * piety under Qazlal
  4744 | D:5      | Reached ** piety under Qazlal
  5123 | D:5      | Found a burning altar of Makhleb.
  5187 | D:5      | Killed Gilette's ghost
  5188 | D:5      | Reached XP level 9. HP: 60/71 MP: 8/8
  5570 | D:6      | Noticed a hornet
  5577 | D:6      | Killed a hornet
  5578 | D:6      | Reached skill level 5 in Shields
  6784 | D:5      | Fell from the grace of Qazlal
  6784 | D:5      | Became a worshipper of Makhleb the Destroyer
  7005 | D:7      | Noticed a lindwurm
  7019 | D:7      | Killed from afar by a lindwurm

Illustrated notes

Levels and vault maps discovered:
D:1:      dpeg_arrival_rooms_c, layout_basic
D:2:      layout_basic, kennysheep_cross_room, minmay_misc_feat_tiny,
          grunt_ministairs_13
D:3:      gammafunk_steamed_eel, layout_basic, gup_sewer_entry_glass
D:4:      layout_rooms
D:5:      layout_cave_pools, nicolae_qazlal_eye_of_the_storm,
          lightli_temple_of_fire, hellmonk_ghost_happy_afterlife, st_stairs_6,
          uniq_blork_the_orc
D:6:      layout_basic
D:7:      layout_basic, trog_antimagical, lemuel_coloured_pillars_altar,
          temple_statues

Skill      XL: |  1  2  3  4  5  6  7  8  9 |
---------------+----------------------------+-----
Dodging        | 3 |  3.2
Unarmed Combat | 4 6 7 9 11 | 11.5
Stealth        | 3 |  3.0
Shields        | 3 7 |  7.5
Fighting       | |  3.7
Armour         | |  0.2

Action                   |  1- 3 |  4- 6 |  7- 9 || total
-------------------------+-------+-------+-------++-------
Melee: Unarmed           |   104 |   133 |   377 ||   614
       Punch             |       |     2 |     8 ||    10
Throw: Dart              |       |     4 |       ||     4
Evoke: Wand              |       |     4 |       ||     4
  Use: Scroll            |       |     2 |       ||     2
 Stab: Sleeping          |     5 |     3 |       ||     8
Armor: Robe              |     9 |       |       ||     9
       Leather armour    |    14 |    35 |       ||    49
       Ring mail         |       |    13 |       ||    13
       Scale mail        |       |     6 |   155 ||   161
Dodge: Dodged            |    70 |    73 |   124 ||   267
Block: Kite shield       |       |       |   101 ||   101
       Other             |       |       |     3 ||     3

Table legend: (Time is in decaauts)
 A = Elapsed time spent in this place.
 B = Non-inter-level travel time spent in this place.
 C = Inter-level travel time spent in this place.
 D = Time resting spent in this place.
 E = Time spent auto-exploring this place.
 F = Levels seen in this place.
 G = Mean time per level.
                   A        B        C        D        E       F      G
               +--------+--------+--------+--------+--------+-----+--------+
         Total |   6969 |   6610 |    359 |    955 |   3992 |   8 |  871.1 |
       Dungeon |   6591 |   6232 |    359 |    692 |   3992 |   7 |  941.6 |
         Sewer |    377 |    377 |      0 |    263 |      0 |   1 |  377.0 |
               +--------+--------+--------+--------+--------+-----+--------+

Top non-repeatable levels by time:
     D:6: 1304 daAuts
     D:5: 1280 daAuts
     D:4: 1153 daAuts
     D:3: 950 daAuts
     D:1: 811 daAuts
     D:2: 690 daAuts
     D:7: 400 daAuts
   Sewer: 377 daAuts
